 Dungeon Crawl Stone Soup version 0.20.0-8-g6b59dc7 (webtiles) character file.

331 Thisistherun the Cudgeler (level 6, 0/53 HPs)
             Began as a Minotaur Fighter on May 30, 2017.
             Killed from afar by an orc wizard (24 damage)
             ... with a wand of lightning (?/15)
             ... on level 5 of the Dungeon.
             The game lasted 00:05:15 (3074 turns).

Thisistherun the Cudgeler (Minotaur Fighter)        Turns: 3074, Time: 00:05:16

Health: 0/53       AC:  7    Str: 20    XL:     6   Next: 26%
Magic:  5/5        EV:  8    Int:  7    God:
Gold:   270        SH: 10    Dex: 10    Spells: 5/5 levels left

rFire    . . .     SeeInvis .   a - +0 flail
rCold    . . .     Gourm    .   c - +0 shield
rNeg     . . .     Faith    .   b - +0 scale mail
rPois    .         Spirit   .   (helmet restricted)
rElec    .         Reflect  .   (no cloak)
rCorr    .         Harm     .   (no gloves)
MR       .....                  (no boots)
Stlth    ..........             (no amulet)
Regen    0.2/turn               (no ring)
MPRegen  0.1/turn               (no ring)

@: slowed, very slow
A: retaliatory headbutt, horns 2
a: no special abilities


You were on level 5 of the Dungeon.
You were not hungry.

You visited 1 branch of the dungeon, and saw 5 of its levels.

You collected 270 gold pieces.

Inventory:

Hand Weapons
 a - a +0 flail (weapon)
Armour
 b - a +0 scale mail (worn)
 c - a +0 shield (worn)
Jewellery
 o - a cursed ring of teleportation {unknown}
 p - a cursed -5 ring of intelligence {unknown}
 q - an uncursed ring of positive energy {unknown}
Scrolls
 e - 8 scrolls of identify {unknown}
 i - 2 scrolls of amnesia {unknown}
 j - 4 scrolls of fear {unknown}
 k - a scroll of recharging {unknown}
 m - 4 scrolls of remove curse {unknown}
 n - 2 scrolls of teleportation {unknown}
 t - a scroll of magic mapping {unknown}
 u - 3 scrolls of immolation {unknown}
Potions
 d - a potion of might
 g - a potion of ambrosia {unknown}
 l - 4 potions of curing {unknown}
 r - 2 potions of flight {unknown}
 s - a potion of brilliance {unknown}
 v - a potion of lignification {unknown}
 z - a potion of cancellation {unknown}
Comestibles
 f - 3 bread rations
 h - 2 meat rations
 x - a fruit


   Skills:
 - Level 4.5 Fighting
 + Level 5.6 Maces & Flails
 - Level 4.4 Armour
 - Level 0.4 Dodging
 + Level 0.3 Stealth
 + Level 5.4 Shields


You had 5 spell levels left.
You didn't know any spells.

Dungeon Overview and Level Annotations

Branches:
Dungeon (5/15)
 Temple: D:4-7

Altars:
Kikubaaqudgha
Okawaru
Qazlal


Innate Abilities, Weirdness & Mutations

You reflexively headbutt those who attack you in melee.
You have a pair of horns on your head.


Message History

You are too hungry to fight recklessly!
You are too hungry to fight recklessly!
You are too hungry to fight recklessly!
You are too hungry to fight recklessly!
You are too hungry to fight recklessly!
You eat the royal jelly.
That royal jelly was delicious!
The orc wizard zaps a wand.
The bolt of lightning hits you! You block the orc's attack.
The orc wizard gestures at you while chanting.
You feel as though you will be slow longer.
The orc barely misses you. You block the orc's attack.
The orc wizard barely misses you.
You barely miss the orc wizard.
The orc wizard hits you but does no damage.
The orc hits you but does no damage. You block the orc's attack.
The orc wizard hits you but does no damage.
The orc hits you but does no damage.
You hit the orc wizard but do no damage.
The orc wizard zaps a wand.
The bolt of lightning hits you!
You die...

##.##.......>....#
##. #...............#
#..#
##.#...........###..#
#..#........####..#
##.###.....##....##
#.. ###.##.......#
##.# ###..._.....##
..#.............#
#.........@♣.._.#
...###..ooo....# #.
#..........# #
...#...._.....#
#..##.........# ##
#.........#
..........#
#.......####


You could see an orc wizard and 2 orcs.

Vanquished Creatures
  An ogre (D:5)
  A centaur skeleton (D:4)
  An orc wizard (D:4)
  A worker ant (D:4)
  3 hound skeletons (D:4)
  5 adders
  2 worms
  8 orcs (D:4)
  2 ball pythons
  6 bats
  A giant cockroach (D:3)
  5 goblins
  6 hobgoblins
  7 jackals
  2 quokkas
  2 frilled lizards (D:1)
  5 kobolds
  10 rats
68 creatures vanquished.

Notes
Turn   | Place    | Note
-------+----------+-------------------------------------------
     0 | D:1      | Thisistherun the Minotaur Fighter began the quest for the Orb.
     0 | D:1      | Reached XP level 1. HP: 19/19 MP: 0/0
   207 | D:1      | Reached XP level 2. HP: 22/27 MP: 1/1
   827 | D:2      | Reached XP level 3. HP: 30/33 MP: 2/2
   864 | D:2      | Found a faded altar of an unknown god.
  1559 | D:3      | Reached XP level 4. HP: 41/41 MP: 3/3
  2100 | D:4      | Reached XP level 5. HP: 45/47 MP: 4/4
  2125 | D:4      | Reached skill level 5 in Shields
  2415 | D:4      | Reached skill level 5 in Maces & Flails
  2698 | D:5      | Entered Level 5 of the Dungeon
  2704 | D:5      | Noticed an ogre
  2711 | D:5      | HP: 2/47 [ogre/giant club (29)]
  2713 | D:5      | Killed an ogre
  2713 | D:5      | Reached XP level 6. HP: 2/53 MP: 5/5
  3045 | D:5      | Found a stormy altar of Qazlal.
  3059 | D:5      | Found an ancient bone altar of Kikubaaqudgha.
  3059 | D:5      | Found an iron altar of Okawaru.
  3074 | D:5      | Killed from afar by an orc wizard

Skill      XL: |  1  2  3  4  5 |
---------------+----------------+-----
Fighting       | 4 |  4.5
Shields        | 4 5 |  5.4
Armour         | 4 |  4.4
Maces & Flails | 3 5 |  5.6
Dodging        | |  0.4
Stealth        | |  0.3

Action                   |  1- 3 |  4- 6 || total
-------------------------+-------+-------++-------
Melee: Flail             |   116 |    96 ||   212
       Headbutt          |    16 |    17 ||    33
  Eat: Chunk             |     2 |     3 ||     5
       Royal jelly       |       |     1 ||     1
Armor: Scale mail        |    54 |    46 ||   100
Dodge: Dodged            |    48 |    43 ||    91
Block: Shield            |    86 |    62 ||   148
